 Dungeon Crawl Stone Soup version 0.24.0-123-gd5b16e6ec5 (webtiles) character file.

Game seed: 3427760231908647085, levelgen mode: deterministic

5101 Delamore the Severer (level 10, -3/139 HPs)
             Began as a Hill Orc Fighter on Dec 23, 2019.
             Was a High Priest of Okawaru.
             Slain by a yak (6 damage)
             ... on level 1 of the Lair of Beasts.
             The game lasted 00:09:15 (7640 turns).

Delamore the Severer (Hill Orc Fighter)             Turns: 7640, Time: 00:09:17

Health: -3/139     AC: 25    Str: 25    XL:     10   Next: 57%
Magic:  10/10      EV:  2    Int:  8    God:    Okawaru [*****.]
Gold:   511        SH: 10    Dex: 17    Spells: 9/9 levels left

rFire    x . .     SeeInvis .   G - +6 trident of the Wasteland {protect, +Rage rF- Str+2 Dex+4}
rCold    + . .     Gourm    .   c - +0 shield
rNeg     + + +     Faith    .   (armour currently unavailable)
rPois    +         Spirit   .   (helmet currently unavailable)
rElec    .         Reflect  .   (cloak currently unavailable)
rCorr    .         Harm     .   (gloves currently unavailable)
MR       .....     NoTele   +   (boots currently unavailable)
Stlth    ++........             S - amulet of magic regeneration
HPRegen  0.33/turn              v - +3 ring of dexterity (curse)
MPRegen  0.37/turn              L - ring of protection from cold

@: tree-form, berserk cooldown, slowed, very slow
A: no striking features
a: Heroism, Finesse, Renounce Religion, Evoke Berserk Rage


You were on level 1 of the Lair of Beasts.
You worshipped Okawaru.
Okawaru was extremely pleased with you.
You were hungry.
You were a tree.
You visited 3 branches of the dungeon, and saw 10 of its levels.
You also visited: Ossuary.

You collected 511 gold pieces.

Inventory:

Hand Weapons
 a - a +1 war axe
 G - the +6 trident of the Wasteland (weapon) {protect, +Rage rF- Str+2 Dex+4}
   (You found it on level 5 of the Dungeon)

   It grants its wielder temporary protection when it strikes (+7 to AC).
   It affects your strength (+2).
   It affects your dexterity (+4).
   It makes you vulnerable to fire.
   It lets you go berserk.
Missiles
 V - 5 javelins (quivered)
Armour
 b - a +1 scale mail
 c - a +0 shield (worn)
 w - a +2 helmet (melded)
 A - a +0 plate armour
 N - the +3 ring mail "Gefix" (melded) {rPois MR+}
   (You found it on level 6 of the Dungeon)

   It protects you from poison.
   It affects your resistance to hostile enchantments.
Jewellery
 v - a cursed +3 ring of dexterity (left branch)
 L - a ring of protection from cold (right branch)
 M - an uncursed ring of wizardry
 S - an amulet of magic regeneration (around neck)
Wands
 z - a wand of flame (55)
 I - a wand of scattershot (9)
 J - a wand of digging (6)
 O - a wand of random effects (7)
Scrolls
 j - 2 scrolls of amnesia
 k - 2 scrolls of enchant weapon
 n - 3 scrolls of noise
 p - 4 scrolls of fog
 q - 2 scrolls of remove curse
 r - 3 scrolls of enchant armour
 t - 2 scrolls of random uselessness
 u - 5 scrolls of teleportation
 x - 3 scrolls of fear {unknown}
 y - a scroll of summoning
 B - 2 scrolls of magic mapping
 C - a scroll of blinking
 E - 2 scrolls of immolation
 K - a scroll of acquirement
 R - 2 scrolls of identify
 U - a scroll of holy word {unknown}
Potions
 d - 4 potions of might
 e - 2 potions of lignification
 g - 2 potions of haste
 h - a potion of flight {unknown}
 i - 4 potions of ambrosia {unknown}
 l - 5 potions of berserk rage {unknown}
 m - 6 potions of curing {unknown}
 o - 3 potions of heal wounds {unknown}
 s - 3 potions of cancellation {unknown}
 D - 7 potions of degeneration {unknown}
 F - a potion of mutation {unknown}
 H - a potion of invisibility
 P - a potion of agility {unknown}
 T - a potion of resistance
Comestibles
 f - 22 rations


   Skills:
 + Level 10.0 Fighting
 + Level 16.2 Axes
 - Level 3.2 Armour
 - Level 3.2 Shields


You had 9 spell levels left.
You didn't know any spells.
Your spell library contained the following spells:

 Spells                   Type           Power        Failure   Level  Hunger
 Magic Dart               Conj           #...         89%         1    ##.....
 Blink                    Tloc           N/A          96%         2    ###....
 Call Imp                 Summ           #.......     96%         2    ###....
 Slow                     Hex            #.......     96%         2    ###....
 Conjure Flame            Conj/Fire      #.......     99%         3    ####...
 Mephitic Cloud           Conj/Pois/Air  #.......     99%         3    ####...


Dungeon Overview and Level Annotations

Branches:
Dungeon (8/15)             Temple (1/1) D:4            Lair (1/6) D:8
Ossuary (visited)

Altars:
Ashenzari
Cheibriados
Dithmenos
Elyvilon
Fedhas
Gozag
Hepliaklqana
Kikubaaqudgha
Makhleb
Nemelex Xobeh
Okawaru
Qazlal
Ru
Sif Muna
Trog
Uskayaw
Vehumet
Wu Jian
Xom
Yredelemnul
Zin


Message History

The yak gores you!
* * * LOW HITPOINT WARNING * * *
Unknown command.
You are too berserk!
You block the yak's attack.
You feel a strong urge to attack something.
You feel your anger nearly subside.
You are no longer berserk.
You pass out from exhaustion.
You feel yourself slow down. The bullfrog barely misses you.
The bullfrog hits you but does no damage.
The bullfrog hits you but does no damage.
You can move again.
It was a potion of lignification.
You turn into a tree.
Your +2 helmet melds into your body.
The +3 ring mail "Gefix" {rPois MR+} melds into your body.
Your roots penetrate the ground.
You block the bullfrog's attack.
The bullfrog hits you but does no damage.
The yak gores you.
You die...

### ##
##################.#####.####
...................^.........
#P##............YY........#
#####...........♣F...†....#
### #.....................#
#.###.....[..........††...#
...........................#
##'##.#.......##.#.#+.P#.....
......#.......#........#.....
......+.......#........# ....
......#........###+..### ...
..................... ...


You could see 2 yaks and a bullfrog.

Vanquished Creatures
  A two-headed ogre (D:8)
  A black mamba (Lair:1)
  A spiny frog (Lair:1)
  A hippogriff (Lair:1)
  4 yaks (Lair:1)
  2 porcupines (Lair:1)
  An ice beast (D:7)
  An orc warrior (D:7)
  3 ogres
  3 centaurs
  3 crocodiles (Lair:1)
  A big kobold (D:8)
  2 bullfrogs
  2 water moccasin zombies (Ossuary)
  3 howler monkeys (D:7)
  4 electric eels (D:8)
  4 crimson imps
  4 bullfrog zombies
  A jelly (D:6)
  A hound (D:5)
  2 centaur zombies (Ossuary)
  A bullfrog skeleton (D:4)
  6 orc priests
  2 centaur skeletons
  3 orc wizards
  Jessica (D:3)
  Natasha (thrice) (D:3)
  5 worker ants
  An iguana (D:5)
  A killer bee zombie (Ossuary)
  2 hound zombies (Ossuary)
  8 mummies (Ossuary)
  2 worker ant zombies
  A howler monkey zombie (D:5)
  A gnoll (D:1)
  A howler monkey skeleton (D:4)
  7 adders
  A shadow imp (D:5)
  An ooze (D:4)
  An adder skeleton (D:5)
  2 adder zombies
  3 worms
  A dart slug (D:2)
  10 leopard geckos
  30 orcs
  2 giant cockroaches (D:1)
  11 goblins
  5 hobgoblins
  8 jackals
  3 quokkas
  2 ball pythons
  5 bats
  4 frilled lizards
  A giant cockroach zombie (Ossuary)
  A jackal zombie (Ossuary)
  5 kobolds
  3 quokka zombies
  13 rats
  A withered plant (Ossuary)
203 creatures vanquished.

Vanquished Creatures (others)
  2 withered plants (Ossuary)
2 creatures vanquished.

Grand Total: 205 creatures vanquished

Notes
Turn   | Place    | Note
-------+----------+-------------------------------------------
     0 | D:1      | Delamore the Hill Orc Fighter began the quest for the Orb.
     0 | D:1      | Reached XP level 1. HP: 19/19 MP: 1/1
    42 | D:1      | Reached skill level 3 in Axes
    49 | D:1      | Reached skill level 4 in Axes
    49 | D:1      | Reached XP level 2. HP: 12/26 MP: 2/2
   298 | D:1      | Reached XP level 3. HP: 28/31 MP: 3/3
   993 | D:2      | Reached skill level 5 in Axes
  1035 | D:2      | Reached XP level 4. HP: 31/39 MP: 4/4
  1288 | D:2      | Reached skill level 6 in Axes
  1367 | D:2      | Reached XP level 5. HP: 27/45 MP: 5/5
  1394 | D:2      | Found a white marble altar of Elyvilon.
  1394 | D:2      | Found a sparkling altar of Nemelex Xobeh.
  1512 | D:2      | Reached skill level 7 in Axes
  1754 | D:3      | Noticed Natasha
  1762 | D:3      | Killed Natasha
  1918 | D:3      | Noticed Natasha
  1927 | D:3      | Killed Natasha
  2151 | D:3      | Noticed Natasha
  2160 | D:3      | Killed Natasha
  2160 | D:3      | Reached skill level 8 in Axes
  2160 | D:3      | Reached XP level 6. HP: 23/51 MP: 6/6
  2493 | D:3      | Noticed Jessica
  2503 | D:3      | Killed Jessica
  2903 | D:4      | Found a staircase to the Ecumenical Temple.
  2942 | Temple   | Entered the Ecumenical Temple
  2991 | Temple   | Became a worshipper of Warmaster Okawaru
  3040 | D:4      | Reached skill level 9 in Axes
  3053 | D:4      | Found a sand-covered staircase.
  3062 | Ossuary  | Entered an ossuary
  3183 | Ossuary  | Reached XP level 7. HP: 16/57 MP: 7/7
  3194 | Ossuary  | Reached skill level 10 in Axes
  3196 | Ossuary  | Reached * piety under Okawaru
  3417 | Ossuary  | Reached skill level 11 in Axes
  3572 | D:4      | Found a bloodstained altar of Trog.
  3649 | D:4      | Reached XP level 8. HP: 60/64 MP: 8/8
  3920 | D:5      | Entered Level 5 of the Dungeon
  4010 | D:5      | Got a smoking trident
  4011 | D:5      | Identified the +6 trident of the Wasteland {protect, +Rage
                  | rF- Str+2 Dex+4} (You found it on level 5 of the Dungeon)
  4260 | D:5      | Reached skill level 12 in Axes
  4351 | D:5      | Reached ** piety under Okawaru
  4659 | D:5      | Found a shadowy altar of Dithmenos.
  4940 | D:6      | Found a sacrificial altar of Ru.
  5101 | D:6      | Got a smoking ring mail
  5114 | D:6      | Identified the +3 ring mail "Gefix" {rPois MR+} (You found
                  | it on level 6 of the Dungeon)
  5176 | D:6      | Reached skill level 13 in Axes
  5256 | D:6      | Found a sacrificial altar of Ru.
  5414 | D:6      | Identified a scroll of acquirement
  5434 | D:7      | Found a blossoming altar of Fedhas.
  5602 | D:7      | Reached XP level 9. HP: 51/71 MP: 9/9
  5800 | D:7      | Reached *** piety under Okawaru
  5800 | D:7      | Reached skill level 5 in Fighting
  5800 | D:7      | Reached skill level 14 in Axes
  5838 | D:7      | Found a burning altar of Makhleb.
  6177 | D:8      | Found a staircase to the Lair.
  6358 | D:8      | Noticed a two-headed ogre
  6369 | D:8      | Killed a two-headed ogre
  6369 | D:8      | Reached **** piety under Okawaru
  6369 | D:8      | Reached skill level 15 in Axes
  6376 | D:8      | Found a radiant altar of Vehumet.
  6617 | D:8      | Reached XP level 10. HP: 61/88 MP: 10/10
  7354 | Lair:1   | Entered Level 1 of the Lair of Beasts
  7355 | Lair:1   | Noticed a spiny frog
  7364 | Lair:1   | Killed a spiny frog
  7481 | Lair:1   | Noticed a black mamba
  7488 | Lair:1   | Killed a black mamba
  7606 | Lair:1   | Reached skill level 16 in Axes
  7621 | Lair:1   | Reached ***** piety under Okawaru
  7631 | Lair:1   | Reached skill level 10 in Fighting
  7633 | Lair:1   | HP: 1/139 [yak (7)]
  7640 | Lair:1   | Slain by a yak

Levels and vault maps discovered:
D:1:      denvon_arrival_planthouse, layout_basic
D:2:      layout_basic, gammafunk_temple_overflow_wave
D:3:      layout_loops_corners, first_ration, uniq_jessica, uniq_natasha
D:4:      layout_cave_pools, bloody_trog, minmay_temple_entry_slanted,
          lightli_ossuary_entry_decrepit_ruins
D:5:      minmay_angry_zag, layout_basic, grunt_dithmenos_smoke
D:6:      kennysheep_big_flooded_room, layout_basic, kennysheep_little_box,
          nicolae_ru_the_path_less_chosen
D:7:      layout_loops_ring, nicolae_overflow_crystal_walls, fedhas_altar_2
D:8:      layout_basic, marbit_many_paths, dpeg_oklobed_lair, serial_bayou,
          serial_bayou_shore_a, serial_bayou_pond_d, serial_bayou_shore_b,
          serial_bayou_ford_a, abandoned_shop, blue_anna_alchemist
          [blue_anna_fruit_fields, blue_anna_fruit_fields], minmay_orc_keep
Temple:   compressed_dpeg_circular_temple
Lair:1:   layout_chaotic_city, serial_bayou_pond_c

Skill      XL: |  1  2  3  4  5  6  7  8  9 10 |
---------------+-------------------------------+-----
Axes           | 4 5 6 8 9 11 13 15 16 | 16.2
Fighting       | 4 8 10 | 10.0
Armour         | |  3.2
Shields        | |  3.2

Action                   |  1- 3 |  4- 6 |  7- 9 | 10-12 || total
-------------------------+-------+-------+-------+-------++-------
Melee: War axe           |    74 |   245 |   108 |       ||   427
       Trident           |       |       |   265 |    77 ||   342
 Abil: Evoke Berserk Rag |       |       |       |     1 ||     1
  Use: Scroll            |       |     8 |     6 |       ||    14
       Potion            |       |       |     2 |     1 ||     3
  Eat: Chunk             |       |     8 |    11 |     4 ||    23
Armor: Scale mail        |    33 |    75 |    45 |       ||   153
       Plate armour      |       |       |    26 |       ||    26
       Ring mail         |       |       |    57 |    37 ||    94
       Skin              |       |       |       |     1 ||     1
Dodge: Dodged            |    28 |    61 |    72 |    28 ||   189
Block: Shield            |    39 |    92 |   122 |    59 ||   312
